 Dungeon Crawl Stone Soup version 0.25.1-2-g60ff931df9 (webtiles) character file.

Game seed: 3113930370562833015

138446 KyoPewz the Black Belt (level 16, -1/175 HPs)
             Began as a Green Draconian Transmuter on Sept 24, 2020.
             Was a High Priest of Okawaru.
             Slain by the 27-headed Lernaean hydra (6 damage)
             ... on level 4 of the Swamp on Sept 25, 2020.
             The game lasted 04:08:17 (57104 turns).

KyoPewz the Black Belt (DrTm)                      Turns: 57104, Time: 04:08:17

Health: -1/175     AC:  7    Str: 13    XL:     16   Next: 71%
Magic:  22/25      EV: 17    Int: 19    God:    Okawaru [*****.]
Gold:   3650       SH:  5    Dex: 13    Spells: 11/32 levels left

rFire    . . .     SeeInvis .     - Unarmed
rCold    + + +     Gourm    .   (shield currently unavailable)
rNeg     . . .     Faith    .   (armour unavailable)
rPois    +         Spirit   .   (helmet currently unavailable)
rElec    .         Reflect  +   (cloak currently unavailable)
rCorr    .         Harm     .   (gloves currently unavailable)
MR       ++...                  (boots currently unavailable)
Stlth    +.........             f - amulet of reflection
HPRegen  0.39/turn              i - ring of protection from fire
MPRegen  0.19/turn              o - ring of protection from cold

@: about to teleport, ice-form
A: large, (breathe noxious fumes), unfitting armour, low mp 1, magic resistance
1, mutation resistance 1, AC +9
a: End Transformation, Heroism, Finesse, Renounce Religion


You were on level 4 of the Swamp.
You worshipped Okawaru.
Okawaru was extremely pleased with you.
You were not hungry.
You were a creature of crystalline ice.
You visited 5 branches of the dungeon, and saw 28 of its levels.

You collected 3650 gold pieces.

Inventory:

Hand Weapons
 b - a +9 hunting sling of flaming (melded)
   (You took it off Joseph on level 10 of the Dungeon)
 Q - the +12 Vampire's Tooth {vamp}
   (You found it on level 2 of the Swamp)

   It inflicts no extra harm, but heals its wielder when it wounds a living foe.
 X - the +1 shortbow of Hatred {venom, Str+2 SInv}
   (You found it on level 11 of the Dungeon)

   It poisons the ammo it fires.
   It affects your strength (+2).
   It lets you see invisible.
Missiles
 y - 2 throwing nets (quivered) {!f}
 D - 299 arrows
 P - 48 sling bullets
 T - 9 curare-tipped darts {!f}
Armour
 k - the +2 pair of gloves of the Alphagorgon (melded) {rElec Str+3 Dex+3}
   (Okawaru gifted it to you on level 12 of the Dungeon)

   It affects your strength (+3).
   It affects your dexterity (+3).
   It insulates you from electricity.
 w - a +2 hat (melded)
   (You found it on level 3 of the Dungeon)
 A - a +2 pair of boots (melded)
   (You found it on level 14 of the Dungeon)
 E - the +3 kite shield of the Scribe {rF- rN++ rCorr Str+3}
   (Okawaru gifted it to you on level 1 of the Swamp)

   It affects your strength (+3).
   It makes you vulnerable to fire.
   It greatly protects you from negative energy.
   It provides partial protection from all sources of acid and corrosion.
 J - a scarf of resistance (melded)
   (Okawaru gifted it to you on level 5 of the Lair of Beasts)
Jewellery
 f - an amulet of reflection (around neck)
   (You found it on level 1 of the Lair of Beasts)
 i - a ring of protection from fire (left front paw)
   (You found it on level 4 of the Lair of Beasts)
 o - a ring of protection from cold (right front paw)
   (You found it on level 6 of the Lair of Beasts)
 B - a +6 ring of strength
   (You took it off an orc on level 11 of the Dungeon)
 I - a +6 ring of strength
   (You found it on level 13 of the Dungeon)
 W - an uncursed amulet of the acrobat
   (You found it on level 2 of the Lair of Beasts)
Wands
 d - a wand of iceblast (6)
   (You found it on level 5 of the Dungeon)
 t - a wand of flame (51)
   (You found it on level 12 of the Dungeon)
 u - a wand of paralysis (13)
   (You found it on level 1 of the Swamp)
 v - a wand of digging (24)
   (You found it on level 4 of the Dungeon)
 x - a wand of acid (15)
   (You found it on level 10 of the Dungeon)
Scrolls
 l - 3 scrolls of blinking
 n - 2 scrolls of enchant weapon
 q - 2 scrolls of immolation {!r}
 s - a scroll of fear
 K - 4 scrolls of fog
 L - 7 scrolls of remove curse {@r2}
 M - 11 scrolls of identify {@r1}
 N - 5 scrolls of teleportation {@r4}
 O - 3 scrolls of summoning
 R - 2 scrolls of magic mapping
 U - a scroll of vulnerability {unknown}
Potions
 a - 2 potions of heal wounds {@q2}
 c - 4 potions of ambrosia
 g - a potion of cancellation
 h - a potion of stabbing
 j - 2 potions of magic
 m - 5 potions of might
 r - 9 potions of curing {@q1}
 z - 3 potions of flight
 C - a potion of brilliance
 F - a potion of resistance
 G - 2 potions of mutation {!q}
 H - a potion of berserk rage
 S - 2 potions of haste {@q3}
Miscellaneous
 p - 2 phantom mirrors
 V - a tin of tremorstones (3/3)
   (You found it on level 2 of the Lair of Beasts)
Comestibles
 e - 28 rations {!d}


   Skills:
 + Level 14.0 Fighting
 + Level 13.0 Dodging
 + Level 16.9 Unarmed Combat
 + Level 8.8 Spellcasting
 + Level 10.8 Transmutations
 - Level 2.0 Ice Magic
 + Level 4.1 Earth Magic
 - Level 2.4 Poison Magic
 - Level 6.0 Invocations
 - Level 5.0 Evocations


You had 11 spell levels left.
You knew the following spells:

 Your Spells              Type           Power        Failure   Level  Hunger
a - Beastly Appendage     Tmut           #####.       1%          1    None
b - Blade Hands           Tmut           #####.....   2%          5    #####..
c - Ice Form              Ice/Tmut       ####....     6%          4    ###....
d - Statue Form           Tmut/Erth      #####....    52%         6    ######.
s - Sticks to Snakes      Tmut           #####...     1%          2    None
x - Spider Form           Tmut/Pois      ####......   1%          3    None

Your spell library contained the following spells:

 Spells                   Type           Power        Failure   Level  Hunger
 Freeze                   Ice            ###.         3%          1    None
 Petrify                  Tmut/Erth      #####...     3%          4    ###....
 Poisonous Vapours        Pois/Air       ##....       8%          2    None
 Corona                   Hex            #......      9%          1    None
 Magic Dart               Conj           #...         9%          1    None
 Shock                    Conj/Air       #...         9%          1    None
 Ensorcelled Hibernation  Hex/Ice        ##....       9%          2    None
 Frozen Ramparts          Ice            ###...       11%         3    None
 Stone Arrow              Conj/Erth      ###...       11%         3    None
 Blink                    Tloc           N/A          13%         2    None
 Call Imp                 Summ           #.......     13%         2    None
 Corpse Rot               Necr/Air       N/A          13%         2    None
 Searing Ray              Conj           #.....       13%         2    None
 Slow                     Hex            #.......     13%         2    None
 Sublimation of Blood     Necr           #.........   13%         2    None
 Swiftness                Chrm/Air       #.......     13%         2    None
 Ozocubu's Armour         Chrm/Ice       ##......     17%         3    None
 Mephitic Cloud           Conj/Pois/Air  ##......     19%         3    None
 Confusing Touch          Hex            #.......     26%         3    None
 Conjure Flame            Conj/Fire      #.......     26%         3    None
 Dazzling Flash           Conj/Hex       #.....       26%         3    None
 Gell's Gravitas          Tloc           #.........   26%         3    None
 Static Discharge         Conj/Air       #.......     26%         3    None
 Tukima's Dance           Hex            #.......     26%         3    None
 Yara's Violent Unravell  Hex/Tmut       ####......   26%         5    #####..
 Lee's Rapid Deconstruct  Erth           ###.......   38%         5    #####..
 Hailstorm                Conj/Ice       ##......     50%         4    ###....
 Summon Ice Beast         Ice/Summ       ##......     50%         4    ###....
 Airstrike                Air            #.........   63%         4    ###....
 Cause Fear               Hex            #.........   63%         4    ###....
 Dispel Undead            Necr           #.......     63%         4    ###....
 Fulminant Prism          Conj/Hex       #.........   63%         4    ###....
 Iskenderun's Mystic Bla  Conj/Tloc      #.......     63%         4    ###....
 Summon Lightning Spire   Summ/Air       #.......     63%         4    ###....
 Bolt of Magma            Conj/Fire/Erth ##........   78%         5    #####..
 Metabolic Englaciation   Hex/Ice        ##........   83%         5    #####..
 Agony                    Necr           #.......     93%         5    #####..
 Excruciating Wounds      Chrm/Necr      #.........   93%         5    #####..
 Fireball                 Conj/Fire      #.........   93%         5    #####..
 Lightning Bolt           Conj/Air       #.........   93%         5    #####..
 Silence                  Hex/Air        #.........   93%         5    #####..
 Conjure Ball Lightning   Conj/Air       #.........   100%        6    ######.
 Freezing Cloud           Conj/Ice/Air   ##........   100%        6    ######.
 Orb of Destruction       Conj           #.........   100%        7    #######
 Ring of Flames           Chrm/Fire      #.........   100%        7    #######
 Discord                  Hex            #.........   100%        8    #######
 Tornado                  Air            #.........   100%        9    #######


Dungeon Overview and Level Annotations

Branches:
Dungeon (15/15)            Temple (1/1) D:6            Lair (6/6) D:11
  Swamp (4/4) Lair:3        Snake (0/4) Lair:2        Slime (0/5) Lair:6
    Orc (2/2) D:11            Elf (0/3) Orc:2        Vaults (0/5) D:13
 Depths (0/5) D:15

Altars:
Ashenzari
Cheibriados
Dithmenos
Elyvilon
Fedhas
Gozag
Hepliaklqana
Kikubaaqudgha
Makhleb
Nemelex Xobeh
Okawaru
Qazlal
Ru
Sif Muna
Trog
Uskayaw
Vehumet
Wu Jian
Xom
Yredelemnul
Zin
The Shining One
Beogh
Jiyva

Shops:
D:12 [   Orc:2 [(}}

Portals:
Abyss: Lair:6

Annotations:
D:14 Vault inside metal walls?
Lair:4 3 runed translucent doors, Wairalebb's ghost, journeyman BaFi
Lair:5 3 runed translucent doors, Doot's ghost, journeyman TeWz
Lair:6 2 transporters, nyroko's ghost, journeyman DsCj
Swamp:4 Lernaean hydra


Innate Abilities, Weirdness & Mutations

((You can breathe blasts of noxious fumes.))
((Your lurid green scales are hard. (AC +9)))
You cannot fit into any form of body armour.
((Your tail ends in a poisonous barb.))
((Your system is resistant to poisons. (rPois)))
((You are cold-blooded and may be slowed by cold attacks.))
Your magical capacity is low. (-10% MP)
You are resistant to hostile enchantments. (MR+)
You are somewhat resistant to further mutation.


Message History

The seven-headed hydra barely misses you.
The seven-headed hydra bites you!
* * * LOW HITPOINT WARNING * * *
You block the seven-headed hydra's attack. x2
The seven-headed hydra bites you but does no damage.
You block the seven-headed hydra's attack.
The seven-headed hydra barely misses you.
You pummel the seven-headed hydra!!
The seven-headed hydra seems to slow down.
You freeze the seven-headed hydra!
You kill the seven-headed hydra!
Okawaru accepts your kill.
You hear a deafening roar! x2
As you read the scroll of teleportation {@r4}, it crumbles to dust.
You feel strangely unstable.
The eight-headed hydra roars!
You hear a deafening roar!
You hear a roar!
The 27-headed Lernaean hydra bites you.
* * * LOW HITPOINT WARNING * * *
The 27-headed Lernaean hydra bites you!
* * * LOW HITPOINT WARNING * * *
The 27-headed Lernaean hydra bites you but does no damage.
The 27-headed Lernaean hydra bites you.
* * * LOW HITPOINT WARNING * * *
The 27-headed Lernaean hydra closely misses you.
You block the 27-headed Lernaean hydra's attack.
The 27-headed Lernaean hydra bites you.
* * * LOW HITPOINT WARNING * * *
The 27-headed Lernaean hydra bites you!
* * * LOW HITPOINT WARNING * * *
The 27-headed Lernaean hydra bites you.
* * * LOW HITPOINT WARNING * * *
The 27-headed Lernaean hydra bites you.
* * * LOW HITPOINT WARNING * * *
The 27-headed Lernaean hydra misses you.
The 27-headed Lernaean hydra bites you.
* * * LOW HITPOINT WARNING * * *
The 27-headed Lernaean hydra bites you.
* * * LOW HITPOINT WARNING * * *
The 27-headed Lernaean hydra completely misses you.
The 27-headed Lernaean hydra bites you.
* * * LOW HITPOINT WARNING * * *
The 27-headed Lernaean hydra bites you but does no damage.
The 27-headed Lernaean hydra bites you.
* * * LOW HITPOINT WARNING * * *
The 27-headed Lernaean hydra bites you.
* * * LOW HITPOINT WARNING * * *
The 27-headed Lernaean hydra bites you!
* * * LOW HITPOINT WARNING * * *
The 27-headed Lernaean hydra bites you.
You die...

≈≈.........♣♣♣♣♣
≈≈≈...≈≈≈...≈≈≈♣♣
≈≈≈..[≈≈≈≈.♣♣..≈♣
..≈≈♣♣..D≈D♣♣♣♣♣♣
♣≈...≈.≈≈≈≈(♣♣♣♣
♣♣...≈≈≈≈≈≈≈(≈.♣♣
♣♣.≈≈≈≈≈≈≈≈...[.♣♣
♣♣♣≈≈≈.≈≈≈≈§≈.≈D≈♣
♣♣.≈..≈♣(≈≈≈§(≈†Y♣
÷.≈≈≈≈≈♣.≈≈≈≈≈.♣♣♣
§)≈≈≈≈..(≈≈≈..≈♣
≈...≈§≈......♣♣♣♣
≈..♣.≈≈≈≈≈≈≈≈≈≈.♣
≈≈≈.≈≈≈≈≈≈≈.♣≈≈.♣
≈≈≈....≈≈..≈♣≈.♣♣
.≈♣♣♣≈...♣♣♣♣♣♣♣
≈..♣♣♣..≈♣♣


You could see the 27-headed Lernaean hydra and an eight-headed hydra.

Vanquished Creatures
  A tentacled monstrosity (Swamp:2)
  Jorgrun (Swamp:2)
  A thorn hunter (Swamp:3)
  Roxanne (D:14)
  2 entropy weavers (Lair:5)
  Nessos (D:14)
  3 fire dragons
  24 hydras
  2 shambling mangroves (Swamp:2)
  An ice dragon (D:15)
  4 vault guards (D:13)
  A ghost crab (Swamp:3)
  2 centaur warriors (D:13)
  8 alligators
  3 two-headed ogres
  A death yak (Lair:4)
  2 tengu warriors (D:14)
  A queen ant (Lair:4)
  4 orc high priests (Orc:2)
  Urug (Lair:6)
  The ghost of Xye the Cleaver, a novice MiBe of Trog (D:9)
  A skeletal warrior (D:9)
  A fire crab (Lair:6)
  A fire crab (shapeshifter) (D:13)
  2 unseen horrors
  2 spriggan druids
  9 swamp dragons
  A glowing orange brain (D:12)
  Pikel (D:4)
  3 orc knights
  A wolf spider zombie (D:15)
  An orc sorcerer (Orc:2)
  2 deep elf magi
  5 oklob plants
  2 ugly things (D:12)
  3 cyclopes
  3 manticores
  A wolf spider (D:12)
  4 centaur zombies
  3 elephants (Lair:6)
  Maurice (D:8)
  Psyche (D:11)
  8 black mambas
  4 molten gargoyles
  Joseph (D:10)
  A gargoyle (D:12)
  23 spiny frogs
  2 efreet
  A freezing wraith (D:15)
  A kobold demonologist (D:10)
  16 komodo dragons
  4 rime drakes
  2 tengu conjurers (D:12)
  4 demonic crawlers (D:12)
  6 trolls
  15 hornets
  9 tyrant leeches
  A hornet (shapeshifter) (D:12)
  7 dream sheep
  9 slime creatures
  7 hippogriffs
  7 bog bodies
  21 blink frogs
  Sigmund (D:5)
  A wraith (D:15)
  5 spriggans
  3 wyverns
  2 shadows
  A fire elemental (Lair:1)
  9 basilisks
  34 yaks
  6 humans (D:13)
  3 small abominations (D:12)
  A human (shapeshifter) (D:14)
  Grum (D:11)
  3 hungry ghosts
  A steam dragon (Lair:6)
  15 vampire mosquitoes
  Menkaure (D:6)
  Edmund (D:6)
  4 wargs
  22 soldier ants
  2 acid dragons
  3 insubstantial wisps (Swamp:2)
  8 swamp worms
  3 hell hounds (Lair:6)
  21 water moccasins
  11 swamp drakes
  A floating eye (D:12)
  9 porcupines
  28 orc warriors
  3 slaves (D:5)
  An ice beast (D:11)
  A sky beast (D:6)
  A black bear (D:9)
  A necrophage (D:9)
  4 phantoms
  12 ogres
  3 centaurs
  13 wolves
  17 crocodiles
  Blork the orc (D:5)
  3 gnoll sergeants
  20 bullfrogs
  A wyvern zombie (D:9)
  A water moccasin zombie (D:7)
  A water moccasin skeleton (D:9)
  3 scorpions
  18 killer bees
  9 wights
  2 howler monkeys
  10 electric eels
  5 lava snakes (Lair:6)
  A bullfrog zombie (D:12)
  9 crimson imps
  5 hounds
  2 quasits
  4 centaur skeletons
  42 orc priests
  3 jellies
  32 orc wizards
  Crazy Yiuf (D:7)
  2 bullfrog skeletons
  2 iguanas
  28 worker ants
  A hound skeleton (D:8)
  13 gnolls
  A howler monkey skeleton (D:10)
  19 adders
  A shadow imp (D:7)
  2 adder skeletons
  2 worms
  2 dart slugs
  3 leopard geckos
  90 orcs
  7 bats
  17 giant cockroaches
  6 hobgoblins
  23 jackals
  4 quokkas
  2 ball pythons
  2 frilled lizards (D:4)
  9 goblins
  6 kobolds
  2 leopard gecko skeletons
  A quokka zombie (D:9)
  6 rats
  A bush (Lair:6)
  3 plants
946 creatures vanquished.

Vanquished Creatures (others)
  2 humans (D:13)
  An orc priest (Orc:1)
  13 fungi
  8 plants
24 creatures vanquished.

Grand Total: 970 creatures vanquished

Notes
Turn   | Place    | Note
-------+----------+-------------------------------------------
     0 | D:1      | KyoPewz the Draconian Transmuter began the quest for the
                  | Orb.
     0 | D:1      | Reached XP level 1. HP: 16/16 MP: 3/3
  1022 | D:1      | Reached XP level 2. HP: 23/23 MP: 5/5
  1728 | D:2      | Reached XP level 3. HP: 18/29 MP: 6/6
  2475 | D:2      | Reached XP level 4. HP: 30/36 MP: 7/7
  2567 | D:2      | Learned a level 2 spell: Sticks to Snakes
  2571 | D:2      | Learned a level 3 spell: Spider Form
  3468 | D:3      | Found a shattered altar of Ashenzari.
  3470 | D:3      | Found a bloodstained altar of Trog.
  3572 | D:3      | Reached skill level 1 in Poison Magic
  3862 | D:3      | Reached XP level 5. HP: 42/42 MP: 9/9
  4666 | D:4      | Learned a level 4 spell: Ice Form
  4684 | D:4      | Reached skill level 4 in Unarmed Combat
  4819 | D:4      | Noticed an ogre
  4828 | D:4      | Killed an ogre
  4828 | D:4      | Reached skill level 1 in Ice Magic
  4828 | D:4      | Reached XP level 6. HP: 51/51 MP: 6/10
  5074 | D:5      | Entered Level 5 of the Dungeon
  5521 | D:5      | Noticed Blork the orc
  5540 | D:5      | Killed Blork the orc
  5666 | D:5      | Your scales start taking on a lurid green colour.
  5666 | D:5      | Reached XP level 7. HP: 50/58 MP: 11/11
  5666 | D:5      | Gained mutation: Your system is resistant to poisons.
                  | (rPois) [Green Draconian growth]
  5732 | D:5      | Found a radiant altar of Vehumet.
  5930 | D:5      | Noticed Pikel
  6617 | D:4      | Reached skill level 5 in Unarmed Combat
  6637 | D:4      | Killed Pikel
  6637 | D:4      | Reached skill level 5 in Fighting
  6637 | D:4      | Reached skill level 6 in Unarmed Combat
  6637 | D:4      | Reached skill level 5 in Transmutations
  6637 | D:4      | Reached XP level 8. HP: 21/69 MP: 12/12
  7169 | D:5      | Noticed Sigmund
  7179 | D:5      | Killed Sigmund
  7568 | D:6      | Noticed Edmund
  7593 | D:6      | Killed Edmund
  7593 | D:6      | Reached skill level 7 in Unarmed Combat
  7793 | D:6      | Noticed Menkaure
  7806 | D:6      | Killed Menkaure
  8092 | D:6      | Found a sparkling altar of Nemelex Xobeh.
  8186 | D:6      | Found a staircase to the Ecumenical Temple.
  8200 | Temple   | Entered the Ecumenical Temple
  8266 | Temple   | Became a worshipper of Warmaster Okawaru
  8523 | D:6      | Reached XP level 9. HP: 69/79 MP: 13/13
  8783 | D:6      | Reached skill level 8 in Unarmed Combat
  8833 | D:6      | Found a glowing silver altar of Zin.
  9325 | D:6      | Reached * piety under Okawaru
  9418 | D:7      | Reached skill level 9 in Unarmed Combat
 10757 | D:7      | Found an ornate altar of the Wu Jian Council.
 10911 | D:7      | Found a sparkling altar of Nemelex Xobeh.
 10932 | D:7      | Reached ** piety under Okawaru
 10934 | D:7      | Reached XP level 10. HP: 77/92 MP: 14/14
 11246 | D:7      | Found a runed translucent door.
 11247 | D:7      | Noticed Crazy Yiuf
 11256 | D:7      | Killed Crazy Yiuf
 11735 | D:8      | Reached skill level 10 in Fighting
 11881 | D:8      | Found a shattered altar of Ashenzari.
 12084 | D:8      | Learned a level 5 spell: Blade Hands
 12177 | D:8      | Noticed Maurice
 12187 | D:8      | Killed Maurice
 12187 | D:8      | Reached skill level 10 in Unarmed Combat
 12324 | D:9      | Noticed Xye's ghost (novice MiBe)
 12325 | D:9      | Noticed a skeletal warrior
 12335 | D:9      | Found a transporter.
 12348 | D:9      | Noticed a manticore
 12363 | D:9      | Killed a manticore
 12363 | D:9      | Reached *** piety under Okawaru
 12997 | D:9      | Noticed Psyche
 14072 | D:9      | Found a transporter.
 14273 | D:9      | Reached **** piety under Okawaru
 14768 | D:9      | Found a transporter.
 14802 | D:9      | Found a transporter.
 15238 | D:9      | Found a transporter.
 15241 | D:9      | Found a transporter.
 15748 | D:9      | Found a transporter.
 15752 | D:9      | Found a transporter.
 16109 | D:10     | Entered Level 10 of the Dungeon
 16253 | D:10     | Noticed Joseph
 16271 | D:10     | Paralysed by Joseph for 5 turns
 16272 | D:10     | Killed Joseph
 17019 | D:10     | Reached skill level 10 in Transmutations
 17204 | D:10     | Reached XP level 11. HP: 74/97 MP: 10/15
 17638 | D:11     | Noticed Grum
 17953 | D:11     | Found a staircase to the Lair.
 18599 | Lair:1   | Entered Level 1 of the Lair of Beasts
 18609 | Lair:1   | Reached ***** piety under Okawaru
 18609 | Lair:1   | Received a gift from Okawaru
 18626 | Lair:1   | You fall into a shaft and drop 1 floor!
 18657 | Lair:2   | Found a staircase to the Snake Pit.
 18838 | Lair:2   | HP: 2/118 [black mamba (14)]
 18846 | Lair:2   | Reached skill level 5 in Dodging
 19163 | Lair:2   | Reached skill level 11 in Unarmed Combat
 19185 | Lair:2   | Received a gift from Okawaru
 19830 | Lair:1   | Noticed a four-headed hydra
 19838 | Lair:1   | Killed a four-headed hydra
 19911 | D:11     | Got a warped shortbow
 19932 | D:11     | Identified the cursed +1 dagger of Freezing Honour {drain,
                  | rPois Int+3}
 19961 | D:11     | Killed Psyche
 20242 | D:11     | Found a staircase to the Orcish Mines.
 20520 | D:11     | Noticed a two-headed ogre
 20531 | D:11     | Killed a two-headed ogre
 20531 | D:11     | Reached skill level 12 in Unarmed Combat
 20531 | D:11     | Reached XP level 12. HP: 106/106 MP: 12/16
 21115 | D:11     | Found a roughly hewn altar of Beogh.
 21270 | D:11     | Killed Grum
 21950 | Lair:1   | Identified the +1 shortbow of Hatred {venom, Str+2 SInv}
                  | (You found it on level 11 of the Dungeon)
 22982 | Lair:2   | Received a gift from Okawaru
 23272 | Lair:2   | Noticed a fire dragon
 23287 | Lair:2   | Killed a fire dragon
 23287 | Lair:2   | Reached skill level 13 in Unarmed Combat
 23684 | Lair:3   | You fall into a shaft and drop 2 floors!
 23689 | Lair:5   | Reached skill level 1 in Evocations
 23723 | Lair:5   | Received a gift from Okawaru
 23735 | Lair:5   | Noticed a four-headed hydra
 23746 | Lair:5   | Killed a four-headed hydra
 24253 | Lair:5   | Found a runed translucent gate.
 24254 | Lair:5   | Found a runed translucent gate.
 24290 | Lair:3   | Found a staircase to the Swamp.
 24467 | Lair:4   | Noticed a death yak
 24480 | Lair:4   | Killed a death yak
 24738 | Lair:4   | Reached XP level 13. HP: 113/113 MP: 13/17
 25067 | Lair:4   | Reached skill level 5 in Evocations
 25337 | Lair:4   | Found a runed translucent gate.
 25338 | Lair:4   | Found a runed translucent gate.
 25340 | Lair:4   | Found a runed translucent gate.
 25342 | Lair:4   | Noticed Wairalebb's ghost (journeyman BaFi)
 25950 | Lair:3   | Reached skill level 10 in Dodging
 26337 | Lair:3   | Received a gift from Okawaru
 26337 | Lair:3   | Reached skill level 14 in Unarmed Combat
 27664 | Lair:4   | Reached skill level 1 in Invocations
 29345 | Lair:5   | Received a gift from Okawaru
 29976 | Lair:5   | Noticed an entropy weaver
 30993 | Lair:4   | Found a runed translucent gate.
 30993 | Lair:4   | Found a runed translucent gate.
 30993 | Lair:4   | Found a runed translucent gate.
 31309 | Lair:5   | Found a runed translucent gate.
 31310 | Lair:5   | Noticed Doot's ghost (journeyman TeWz)
 31311 | Lair:5   | Noticed a minotaur
 31405 | Lair:5   | Reached skill level 5 in Invocations
 31624 | Lair:5   | Killed an entropy weaver
 31796 | Lair:5   | Noticed an entropy weaver
 31804 | Lair:5   | Killed an entropy weaver
 32357 | Lair:5   | Gained mutation: Your tail ends in a poisonous barb. [Green
                  | Draconian growth]
 32357 | Lair:5   | Reached XP level 14. HP: 122/122 MP: 13/18
 32501 | Lair:5   | Received a gift from Okawaru
 32941 | Lair:6   | Entered Level 6 of the Lair of Beasts
 32960 | Lair:6   | Reached skill level 15 in Unarmed Combat
 33719 | Lair:6   | Received a gift from Okawaru
 34872 | Lair:6   | Noticed Urug
 34883 | Lair:6   | Killed Urug
 35173 | Lair:6   | Identified the cursed +1 spear of Blood-Lust {distort,
                  | +Blink rElec rF- Str+5}
 35174 | Lair:6   | Found a transporter.
 35179 | Lair:6   | Noticed nyroko's ghost (journeyman DsCj)
 35305 | Lair:6   | Found a one-way gate to the infinite horrors of the Abyss.
 35488 | Lair:6   | Found a transporter.
 36156 | Lair:6   | Found a viscous altar of Jiyva.
 36157 | Lair:6   | Found a staircase to the Slime Pits.
 36754 | Lair:6   | Found a large runed translucent door.
 36754 | Lair:6   | Found a large runed translucent door.
 36822 | Lair:6   | HP: 2/124 [komodo dragon (14)]
 36831 | Lair:6   | HP: 3/148 [black mamba (13)]
 37701 | Lair:6   | Found the +8 autumn katana {vorpal, Clar}
 38108 | D:9      | Killed Xye's ghost
 38249 | Orc:1    | Entered Level 1 of the Orcish Mines
 38249 | Orc:1    | Found a runed translucent door.
 38259 | D:11     | Reached skill level 5 in Spellcasting
 38759 | D:11     | Gained mutation: Your body sometimes deteriorates upon
                  | taking damage. [mutagenic glow]
 38863 | D:11     | Gained mutation: You occasionally shout uncontrollably at
                  | your foes. [mutagenic glow]
 38964 | D:11     | Lost mutation: You occasionally shout uncontrollably at
                  | your foes. [potion of mutation]
 38964 | D:11     | Lost mutation: Your body sometimes deteriorates upon taking
                  | damage. [potion of mutation]
 38964 | D:11     | Gained mutation: Your magical capacity is low. (-10% MP)
                  | [potion of mutation]
 38964 | D:11     | Gained mutation: You are resistant to hostile enchantments.
                  | (MR+) [potion of mutation]
 38964 | D:11     | Gained mutation: You are somewhat resistant to further
                  | mutation. [potion of mutation]
 39026 | Orc:1    | Found a roughly hewn altar of Beogh.
 39086 | Orc:2    | Entered Level 2 of the Orcish Mines
 39156 | Orc:2    | Found a staircase to the Elven Halls.
 39279 | Orc:2    | Found a roughly hewn altar of Beogh.
 41537 | Orc:2    | Found Igene's Weapon Shop.
 41537 | Orc:2    | Found Futrix's Armour Shop.
 41537 | Orc:2    | Found Vuol's Gadget Boutique.
 41548 | Orc:2    | Found Luri's Gadget Boutique.
 41856 | D:12     | Found Woentaso's Antique Armour Shop.
 41899 | D:12     | Reached XP level 15. HP: 132/132 MP: 21/21
 43167 | D:12     | Received a gift from Okawaru
 43170 | D:12     | Got a pair of faintly glowing gloves {god gift}
 43182 | D:12     | Identified the +2 pair of gloves of the Alphagorgon {rElec
                  | Str+3 Dex+3} (Okawaru gifted it to you on level 12 of the
                  | Dungeon)
 43540 | D:12     | Identified the Collected Works on Attacks
 44976 | D:13     | Reached skill level 16 in Unarmed Combat
 45328 | D:13     | Found a gate to the Vaults.
 46010 | D:14     | Noticed Nessos
 46032 | D:14     | Killed Nessos
 46671 | D:14     | Identified Roxanne's Papyrus of the Mountains
 46671 | D:14     | Noticed Roxanne
 46924 | D:14     | Killed Roxanne
 47709 | D:15     | Entered Level 15 of the Dungeon
 48723 | D:15     | Found a staircase to the Depths.
 49401 | Swamp:1  | Entered Level 1 of the Swamp
 49790 | Swamp:1  | Learned a level 6 spell: Statue Form
 50075 | Swamp:1  | Reached ****** piety under Okawaru
 50193 | Swamp:1  | Received a gift from Okawaru
 50194 | Swamp:1  | Got a smoking kite shield {god gift}
 50455 | Swamp:1  | Identified the +3 kite shield of the Scribe {rF- rN++ rCorr
                  | Str+3} (Okawaru gifted it to you on level 1 of the Swamp)
 51070 | Swamp:2  | Reached XP level 16. HP: 136/144 MP: 21/25
 51107 | Swamp:2  | Reached skill level 1 in Earth Magic
 51585 | Swamp:2  | Noticed Jorgrun
 51622 | Swamp:2  | Found the +12 Vampire's Tooth {vamp}
 51672 | Swamp:2  | Killed Jorgrun
 52425 | Swamp:2  | Noticed a tentacled monstrosity
 52448 | Swamp:2  | Killed a tentacled monstrosity
 54408 | Swamp:3  | Noticed a thorn hunter
 54425 | Swamp:3  | Killed a thorn hunter
 54425 | Swamp:3  | Received a gift from Okawaru
 55628 | Swamp:4  | Entered Level 4 of the Swamp
 55856 | Swamp:4  | Received a gift from Okawaru
 57099 | Swamp:4  | Noticed the 27-headed Lernaean hydra
 57104 | Swamp:4  | HP: 5/175 [the 27-headed Lernaean hydra (9)]
 57104 | Swamp:4  | Slain by the 27-headed Lernaean hydra

Illustrated notes

Levels and vault maps discovered:
D:1:      minmay_arrival_split_and_join, layout_basic, serial_glass,
          glass_columns_c, glass_columns_b
D:2:      layout_basic
D:3:      minmay_roachtagon, layout_basic,
          chequers_temple_overflow_statue_of_worship
D:4:      layout_basic, first_ration, supply_closet_lemuel
D:5:      layout_loops_ring, old_standard_altar, grunt_decor_mini_mirrors,
          uniq_sigmund, uniq_pikel, uniq_blork_the_orc
D:6:      layout_loops_cross, zin_treasury, nicolae_overflow_crystal_walls,
          minmay_temple_entry_statues_fountains, uniq_menkaure, uniq_edmund
D:7:      layout_cave_pools, kennysheep_mini_moat, basic_altar,
          uniq_crazy_yiuf_cottage
D:8:      layout_rooms, ashenzari_altar_1, uniq_maurice
D:9:      layout_small_grid, gammafunk_ghost_mausoleum, uniq_psyche
D:10:     layout_basic, uniq_joseph
D:11:     layout_rooms, david_lair_shrubbed, erik_orc_4, special_room
          [special_room_orc], uniq_grum
D:12:     cheibrodos_hippocracy, layout_basic, gauntlet_entry_generic,
          serial_shops, shop, hangedman_pestilent_swarm
D:13:     layout_roguey, ximxim_vaults_locker_room
D:14:     layout_irregular_city, kennysheep_donut, uniq_nessos, uniq_roxanne
D:15:     grunt_enter_depths_hoard, layout_loops_ring, grunt_ministairs_6,
          minivault_27
Temple:   eino_temple_rhombus
Lair:1:   layout_gridlike, minmay_holes, lemuel_fruit_fields, lemuel_fruit_tree,
          infiniplex_staircase_pool_2
Lair:2:   dragon1_lemuel, layout_chaotic_city, minmay_snake_entry_six_corridors
Lair:3:   layout_cave_pods, minmay_swamp_entry_eels
Lair:4:   layout_cave_pods, ebering_ghost_rock_garden, minmay_shattered_shrine,
          minmay_lair_oklob_chamber, grunt_megastairs_4
Lair:5:   layout_layer_cave, maelrawn_ghost_gauntlet_escape, zaba_antful_of_joy,
          serial_bayou_shore_a, grunt_megastairs_2
Lair:6:   cheibrodos_lair_end_hotspot, layout_hall_layers,
          dpeg_slime_entry_enclosed_altar, gammafunk_ghost_abyssal_escape,
          minivault_26, uniq_urug
Swamp:1:  layout_falls_marsh, hangedman_swamp_blocks
Swamp:2:  cheibrodos_swamp_monstrosity, layout_basic_swamp,
          evilmike_swamp_ruin_house_1, infiniplex_staircase_pool, uniq_jorgrun
Swamp:3:  layout_basic_swamp, evilmike_swamp_ruin_house_4
Swamp:4:  swamp_old_school, layout_basic_swamp, swamp_pool1
Orc:1:    layout_caves, lightli_church_of_beogh
Orc:2:    st_orc_mages, layout_diamond_mine, basic_altar

Skill      XL: |  1  2  3  4  5  6  7  8  9 10 11 12 13 14 15 16 |
---------------+-------------------------------------------------+-----
Dodging        | 2 7 9 10 11 12 13 | 13.0
Fighting       | 2 3 5 7 9 10 12 13 14 | 14.0
Poison Magic   | 1 2 |  2.4
Transmutations | 3 5 10 | 10.8
Spellcasting   | 3 5 7 8 |  8.8
Unarmed Combat | 4 6 7 9 10 12 13 14 15 16 | 16.9
Ice Magic      | 1 2 |  2.0
Evocations     | 4 5 |  5.0
Invocations    | 5 6 |  6.0
Earth Magic    | 4 |  4.1

Action                   |  1- 3 |  4- 6 |  7- 9 | 10-12 | 13-15 | 16-18 || total
-------------------------+-------+-------+-------+-------+-------+-------++-------
Melee: Dagger            |   128 |   232 |    70 |       |       |       ||   430
       Unarmed           |     4 |    21 |   178 |   580 |   963 |   280 ||  2026
       Kick              |     2 |     6 |       |       |       |       ||     8
       Punch             |     1 |     2 |     7 |     5 |    37 |    17 ||    69
       Tailslap          |    11 |    23 |    23 |    26 |    43 |    29 ||   155
       Headbutt          |     1 |     9 |       |       |       |    21 ||    31
       Spear             |       |       |   125 |   207 |       |       ||   332
       Staff             |       |       |       |       |     1 |       ||     1
 Fire: Hunting sling     |       |       |       |    66 |   631 |   102 ||   799
       Shortbow          |       |       |       |       |    10 |       ||    10
Throw: Dart              |       |       |       |    10 |     7 |       ||    17
       Throwing net      |       |       |       |       |       |     1 ||     1
 Cast: Beastly Appendage |    10 |    15 |       |       |     2 |    12 ||    39
       Spider Form       |       |     4 |    22 |    43 |       |       ||    69
       Blade Hands       |       |       |       |     1 |    69 |    11 ||    81
       Ice Form          |       |       |       |    30 |    63 |    14 ||   107
Invok: Heroism           |       |       |       |     5 |     4 |     2 ||    11
       Finesse           |       |       |       |       |     1 |     2 ||     3
 Abil: Breathe Noxious F |       |       |     2 |     6 |     8 |     1 ||    17
       End Transformatio |       |       |     1 |    11 |    49 |     8 ||    69
Evoke: Wand              |       |       |     1 |     7 |     4 |       ||    12
       Tin of tremorston |       |       |       |       |     4 |       ||     4
  Use: Scroll            |       |    13 |     1 |     6 |    20 |     4 ||    44
       Potion            |       |     3 |     1 |     8 |     7 |     3 ||    22
 Stab: Sleeping          |       |     3 |     2 |     1 |     2 |       ||     8
       Confused          |       |       |     1 |     3 |     3 |     1 ||     8
       Paralysed         |       |       |       |     6 |       |       ||     6
       Distracted        |       |       |       |     1 |       |       ||     1
       Invisible         |       |       |       |       |     2 |       ||     2
  Eat: Chunk             |     5 |    11 |     9 |    41 |    72 |    11 ||   149
       Ration            |       |       |     4 |     5 |    14 |     4 ||    27
Armor: Skin              |    31 |    95 |    66 |   145 |   166 |    93 ||   596
Dodge: Dodged            |    93 |   151 |   207 |   590 |   764 |   323 ||  2128
Block: Other             |       |       |       |    71 |   213 |    96 ||   380
       Reflection        |       |       |       |     3 |    17 |     2 ||    22
